[ AOE2 MATCH · #506604209 ]
UnrankedVikings vs Lithuanians
Player's team · WIN
[ REPLAY ANALYSIS · EXTRACTED FROM THE RECORDED GAME ]
Feudal
9:08
Castle
20:04
Imperial
34:45
| APM avg | 66.3 |
| APM peak | 119 |
| eAPM avg | 29.7 |
| Villagers / military | 150 / 58 |
Focus
⚔️ 25.3% · 🌾 74.7%
Knight ×15 · Berserk ×12 · Scout Cavalry ×12 · Archer ×8 · Spearman ×4 · Petard ×3
Feudal
11:46
Castle
22:46
Imperial
—
| APM avg | 55.4 |
| APM peak | 97 |
| eAPM avg | 26.1 |
| Villagers / military | 103 / 62 |
Focus
⚔️ 34.9% · 🌾 65.1%
Knight ×22 · Skirmisher ×17 · Monk ×8 · Spearman ×6 · Militia ×3 · Scout Cavalry ×3
Match map
Initial resources + every placement click. Lines = walls · curves = elevation contours. ◆ gold · ⬟ stone · ● berries · ✦ relic · ◌ wall gap
Your base· Open — unwalled flank
Andi's base· Open — 2t gap
Smoothed initial terrain · ◌ = detected wall gap · hover for details
Inputs per minute
— m0re - - Andi
Build order — m0re
First 150 of 361 actions detected
| 0:01 | Create | Villager (Male) |
| 0:01 | Create | Villager (Male) |
| 0:02 | Build | House |
| 0:03 | Build | House |
| 0:07 | Create | Villager (Male) |
| 0:09 | Create | Villager (Male) |
| 1:23 | Create | Villager (Male) |
| 1:45 | Build | Lumber Camp |
| 1:53 | Create | Villager (Male) |
| 2:21 | Create | Villager (Male) |
| 2:42 | Create | Villager (Male) |
| 3:03 | Build | House |
| 3:03 | Build | House |
| 3:11 | Create | Villager (Male) |
| 3:11 | Create | Villager (Male) |
| 3:42 | Create | Villager (Male) |
| 3:43 | Create | Villager (Male) |
| 4:13 | Create | Villager (Male) |
| 4:38 | Research | Loom |
| 4:52 | Build | Mill |
| 5:16 | Create | Villager (Male) |
| 5:36 | Create | Villager (Male) |
| 5:50 | Build | House |
| 5:57 | Build | House |
| 6:16 | Build | Palisade Wall |
| 6:18 | Build | Palisade Wall |
| 6:19 | Build | Palisade Wall |
| 6:33 | Create | Villager (Male) |
| 6:57 | Research | Feudal Age |
| 8:02 | Build | Barracks |
| 8:25 | Create | Villager (Male) |
| 8:53 | Create | Villager (Male) |
| 9:08 | Age | Feudal Age |
| 9:09 | Build | Stable |
| 9:19 | Create | Villager (Male) |
| 9:20 | Create | Spearman |
| 9:50 | Create | Scout Cavalry |
| 9:50 | Create | Scout Cavalry |
| 9:56 | Build | Mill |
| 10:07 | Research | Double-Bit Axe |
| 10:17 | Create | Villager (Male) |
| 10:27 | Create | Scout Cavalry |
| 10:41 | Create | Villager (Male) |
| 10:59 | Build | Farm |
| 11:00 | Build | Farm |
| 11:20 | Build | Mill |
| 11:22 | Create | Villager (Male) |
| 11:25 | Create | Villager (Male) |
| 11:39 | Create | Scout Cavalry |
| 11:40 | Create | Scout Cavalry |
| 11:40 | Create | Scout Cavalry |
| 11:45 | Create | Villager (Male) |
| 11:54 | Build | House |
| 12:00 | Create | Villager (Male) |
| 12:23 | Build | Archery Range |
| 12:28 | Create | Villager (Male) |
| 12:43 | Create | Villager (Male) |
| 12:57 | Create | Scout Cavalry |
| 13:10 | Create | Villager (Male) |
| 13:11 | Build | Mining Camp |
| 13:14 | Build | Farm |
| 13:22 | Create | Archer |
| 13:23 | Build | House |
| 13:26 | Create | Villager (Male) |
| 13:30 | Build | Farm |
| 13:40 | Create | Villager (Male) |
| 13:42 | Build | House |
| 14:12 | Create | Spearman |
| 14:14 | Create | Archer |
| 14:21 | Create | Villager (Male) |
| 14:22 | Build | Farm |
| 14:23 | Build | Farm |
| 14:44 | Create | Villager (Male) |
| 14:46 | Create | Spearman |
| 14:48 | Create | Archer |
| 15:25 | Create | Villager (Male) |
| 15:26 | Create | Archer |
| 15:31 | Build | Farm |
| 15:32 | Build | Farm |
| 15:32 | Build | Farm |
| 15:35 | Build | Farm |
| 15:46 | Create | Villager (Male) |
| 15:59 | Create | Villager (Male) |
| 16:01 | Build | House |
| 16:02 | Create | Spearman |
| 16:27 | Build | Blacksmith |
| 16:47 | Create | Villager (Male) |
| 17:24 | Research | Castle Age |
| 17:25 | Research | Castle Age |
| 17:27 | Build | House |
| 17:36 | Build | House |
| 17:39 | Build | House |
| 17:39 | Build | House |
| 17:40 | Build | House |
| 17:43 | Research | Horse Collar |
| 17:51 | Create | Archer |
| 18:01 | Build | House |
| 18:08 | Research | Fletching |
| 18:08 | Research | Fletching |
| 18:11 | Research | Gold Mining |
| 18:32 | Build | House |
| 18:32 | Create | Archer |
| 18:52 | Create | Archer |
| 19:06 | Build | House |
| 19:07 | Create | Archer |
| 19:27 | Build | Farm |
| 19:28 | Build | Farm |
| 19:29 | Build | Farm |
| 20:04 | Age | Castle Age |
| 20:06 | Research | Crossbowman (upgrade) |
| 20:07 | Create | Villager (Male) |
| 20:09 | Create | Knight |
| 20:11 | Build | Town Center |
| 20:28 | Create | Villager (Male) |
| 20:32 | Create | Knight |
| 20:33 | Research | Bow Saw |
| 20:47 | Create | Villager (Male) |
| 20:51 | Build | Farm |
| 20:51 | Build | Farm |
| 21:00 | Create | Villager (Male) |
| 21:07 | Build | Farm |
| 21:16 | Create | Villager (Male) |
| 21:25 | Create | Villager (Male) |
| 21:28 | Build | Farm |
| 21:31 | Create | Villager (Male) |
| 21:40 | Create | Villager (Male) |
| 21:41 | Create | Villager (Male) |
| 21:55 | Build | Market |
| 21:55 | Create | Villager (Male) |
| 21:59 | Create | Villager (Male) |
| 22:14 | Create | Villager (Male) |
| 22:18 | Create | Villager (Male) |
| 22:19 | Create | Villager (Male) |
| 22:28 | Create | Villager (Male) |
| 22:32 | Build | Lumber Camp |
| 22:42 | Create | Villager (Male) |
| 22:53 | Create | Villager (Male) |
| 22:58 | Create | Villager (Male) |
| 23:17 | Create | Villager (Male) |
| 23:25 | Build | Town Center |
| 23:29 | Build | Town Center |
| 23:32 | Create | Villager (Male) |
| 23:37 | Create | Villager (Male) |
| 24:06 | Create | Knight |
| 24:08 | Create | Villager (Male) |
| 24:11 | Build | Town Center |
| 24:13 | Build | Farm |
| 24:13 | Build | Farm |
| 24:14 | Research | Scale Barding Armor |
| 24:14 | Create | Villager (Male) |
Build order — Andi
First 150 of 277 actions detected
| 0:00 | Create | Villager (Male) |
| 0:00 | Create | Villager (Male) |
| 0:00 | Create | Villager (Male) |
| 0:01 | Build | House |
| 0:02 | Build | House |
| 0:12 | Create | Villager (Male) |
| 0:13 | Create | Villager (Male) |
| 0:21 | Create | Villager (Male) |
| 1:24 | Create | Villager (Male) |
| 1:24 | Create | Villager (Male) |
| 2:44 | Build | Barracks |
| 2:47 | Build | Barracks |
| 2:49 | Create | Villager (Male) |
| 3:09 | Create | Villager (Male) |
| 3:09 | Create | Villager (Male) |
| 3:13 | Build | House |
| 3:40 | Create | Militia |
| 3:55 | Create | Villager (Male) |
| 4:21 | Create | Militia |
| 4:36 | Create | Villager (Male) |
| 4:40 | Create | Militia |
| 4:52 | Build | Lumber Camp |
| 5:05 | Create | Villager (Male) |
| 5:05 | Create | Villager (Male) |
| 5:23 | Build | House |
| 5:30 | Create | Villager (Male) |
| 5:54 | Build | House |
| 5:55 | Build | Palisade Wall |
| 6:05 | Create | Villager (Male) |
| 6:21 | Create | Villager (Male) |
| 6:34 | Create | Villager (Male) |
| 6:37 | Build | Palisade Wall |
| 6:38 | Build | Palisade Wall |
| 6:55 | Create | Villager (Male) |
| 7:10 | Create | Villager (Male) |
| 7:16 | Build | Palisade Wall |
| 7:20 | Build | Palisade Wall |
| 7:22 | Create | Villager (Male) |
| 7:45 | Build | Mill |
| 7:50 | Create | Villager (Male) |
| 7:54 | Build | Palisade Wall |
| 8:05 | Create | Villager (Male) |
| 8:14 | Build | Palisade Wall |
| 8:20 | Build | Palisade Wall |
| 8:52 | Research | Loom |
| 9:30 | Research | Feudal Age |
| 9:39 | Build | Palisade Gate |
| 9:41 | Build | Palisade Wall |
| 9:43 | Create | Villager (Male) |
| 10:26 | Build | Mill |
| 11:13 | Build | Mining Camp |
| 11:46 | Age | Feudal Age |
| 11:50 | Create | Spearman |
| 11:52 | Research | Double-Bit Axe |
| 11:54 | Research | Horse Collar |
| 12:05 | Create | Villager (Male) |
| 12:09 | Build | Stable |
| 12:27 | Create | Villager (Male) |
| 12:31 | Create | Spearman |
| 12:40 | Build | Mill |
| 12:44 | Create | Spearman |
| 12:45 | Create | Villager (Male) |
| 12:58 | Research | Wheelbarrow |
| 13:02 | Build | House |
| 13:08 | Create | Scout Cavalry |
| 13:09 | Create | Scout Cavalry |
| 13:31 | Create | Spearman |
| 13:34 | Build | House |
| 13:50 | Build | Farm |
| 13:51 | Build | Farm |
| 14:11 | Create | Villager (Male) |
| 14:18 | Create | Villager (Male) |
| 14:21 | Build | Archery Range |
| 14:33 | Create | Villager (Male) |
| 15:00 | Build | House |
| 15:05 | Create | Villager (Male) |
| 15:24 | Create | Skirmisher |
| 15:24 | Create | Skirmisher |
| 15:30 | Build | Farm |
| 15:31 | Build | Farm |
| 15:34 | Create | Archer |
| 15:56 | Build | Blacksmith |
| 16:00 | Build | House |
| 16:18 | Create | Villager (Male) |
| 16:19 | Create | Skirmisher |
| 16:19 | Create | Skirmisher |
| 16:25 | Build | Farm |
| 16:25 | Build | Farm |
| 16:26 | Build | Farm |
| 16:28 | Create | Villager (Male) |
| 16:32 | Create | Skirmisher |
| 16:49 | Create | Villager (Male) |
| 16:51 | Build | Farm |
| 17:12 | Create | Villager (Male) |
| 17:14 | Build | Farm |
| 17:17 | Build | Farm |
| 17:18 | Build | Farm |
| 17:31 | Build | House |
| 17:40 | Create | Villager (Male) |
| 17:44 | Build | Farm |
| 17:54 | Build | Farm |
| 18:19 | Create | Skirmisher |
| 18:19 | Create | Villager (Male) |
| 18:31 | Build | House |
| 18:36 | Build | Farm |
| 18:40 | Create | Villager (Male) |
| 19:02 | Build | Farm |
| 19:05 | Create | Villager (Male) |
| 19:31 | Build | Market |
| 19:37 | Create | Villager (Male) |
| 20:06 | Research | Castle Age |
| 20:15 | Build | Watch Tower |
| 20:32 | Build | House |
| 20:34 | Build | House |
| 20:36 | Build | House |
| 20:39 | Build | Archery Range |
| 20:46 | Create | Skirmisher |
| 20:48 | Research | Fletching |
| 20:48 | Research | Padded Archer Armor |
| 21:04 | Create | Skirmisher |
| 21:29 | Build | House |
| 21:42 | Create | Skirmisher |
| 21:43 | Create | Skirmisher |
| 21:53 | Create | Skirmisher |
| 21:54 | Create | Skirmisher |
| 22:05 | Create | Skirmisher |
| 22:05 | Create | Skirmisher |
| 22:14 | Create | Villager (Male) |
| 22:18 | Build | House |
| 22:25 | Build | Farm |
| 22:28 | Build | Market |
| 22:32 | Build | House |
| 22:36 | Create | Villager (Male) |
| 22:36 | Create | Skirmisher |
| 22:46 | Age | Castle Age |
| 22:51 | Research | Bodkin Arrow |
| 22:56 | Research | Elite Skirmisher (upgrade) |
| 23:08 | Build | Monastery |
| 23:11 | Create | Spearman |
| 23:11 | Create | Spearman |
| 23:44 | Create | Monk |
| 23:44 | Create | Monk |
| 23:58 | Create | Villager (Male) |
| 23:58 | Create | Skirmisher |
| 24:15 | Create | Villager (Male) |
| 24:16 | Create | Monk |
| 24:27 | Create | Monk |
| 24:48 | Create | Villager (Male) |
| 24:54 | Create | Villager (Male) |
| 25:01 | Create | Knight |
Match timeline
| 2:44 | Andi · first_building Barracks |
| 5:55 | Andi · wall_segment Palisade Wall x5 |
| 6:16 | m0re · wall_segment Palisade Wall x1 |
| 6:18 | m0re · wall_segment Palisade Wall x1 |
| 6:19 | m0re · wall_segment Palisade Wall x1 |
| 6:37 | Andi · wall_segment Palisade Wall x3 |
| 6:38 | Andi · wall_segment Palisade Wall x11 |
| 7:16 | Andi · wall_segment Palisade Wall x8 |
| 7:20 | Andi · wall_segment Palisade Wall x12 |
| 7:54 | Andi · wall_segment Palisade Wall x8 |
| 8:02 | m0re · first_building Barracks |
| 8:14 | Andi · wall_segment Palisade Wall x5 |
| 8:20 | Andi · wall_segment Palisade Wall x5 |
| 9:08 | m0re · age_up feudal |
| 9:09 | m0re · first_building Stable |
| 9:41 | Andi · wall_segment Palisade Wall x6 |
| 11:46 | Andi · age_up feudal |
| 12:09 | Andi · first_building Stable |
| 12:23 | m0re · first_building Archery Range |
| 14:21 | Andi · first_building Archery Range |
| 20:04 | m0re · age_up castle |
| 22:46 | Andi · age_up castle |
| 22:52 | Andi · first_market_buy 100 wood |
| 23:08 | Andi · first_building Monastery |
| 23:27 | m0re · first_market_buy 100 stone |
| 23:59 | Andi · first_market_sell 100 food |
| 25:27 | m0re · first_building Siege Workshop |
| 27:18 | m0re · wall_segment Palisade Wall x1 |
| 28:29 | m0re · first_building Monastery |
| 29:27 | Andi · first_building Siege Workshop |
| 31:22 | m0re · first_market_sell 500 wood |
| 31:33 | Andi · first_building Castle |
| 32:15 | m0re · first_building Castle |
| 34:45 | m0re · age_up imperial |
| 34:51 | Andi · resign |
[ AI ANALYSIS · 1 CREDIT ]
What really happened in this match?
Wolo.gg analyzes every decision: build order, eco, micro, common mistakes by bracket. Personalized analysis on WhatsApp or Discord in 30 seconds.
Civ guide
Vikings
Perfil
Jugador #279036